 Dungeon Crawl Stone Soup version 0.27.1-33-g824d729ab1 (webtiles) character file.

Game seed: 9199136950562868125

76 Destapler the Skirmisher (level 4, -6/41 HPs)
             Began as a Minotaur Fighter on Dec 5, 2021.
             Was an Initiate of Okawaru.
             Killed from afar by Sigmund (10 damage)
             ... with a puff of flame
             ... on level 2 of the Dungeon.
             The game lasted 00:03:26 (1074 turns).

Destapler the Skirmisher (Minotaur Fighter)         Turns: 1074, Time: 00:03:26

Health: -6/41      AC:  8    Str: 23    XL:     4   Next: 12%
Magic:  3/3        EV:  7    Int:  5    God:    Okawaru [......]
Gold:   119        SH:  0    Dex: 10    Spells: 3/3 levels left

rFire    . . .     SeeInvis .   a - +0 long sword
rCold    . . .     Faith    +   c - +0 kite shield
rNeg     . . .     Spirit   .   b - +0 scale mail
rPois    .         Reflect  .   (helmet restricted)
rElec    .         Harm     .   k - +0 cloak
rCorr    .         Rampage  .   (no gloves)
Will     .....                  (no boots)
Stlth    ..........             g - amulet of faith
HPRegen  0.13/turn              (no ring)
MPRegen  0.08/turn              (no ring)

@: confused
A: horns 2, retaliatory headbutt, strong 1
a: Renounce Religion


You were on level 2 of the Dungeon.
You worshipped Okawaru.
Okawaru was noncommittal.
You visited 1 branch of the dungeon, and saw 2 of its levels.

You collected 119 gold pieces.

Inventory:

Hand Weapons
 a - a +0 long sword (weapon)
 l - a +1 mace of holy wrath
Armour
 b - a +0 scale mail (worn)
 c - a +0 kite shield (worn)
 k - a +0 cloak (worn)
Jewellery
 g - an amulet of faith (around neck)
Scrolls
 e - a scroll of blinking {unknown}
 f - 2 scrolls of magic mapping {unknown}
 h - a scroll of immolation {unknown}
 i - a scroll of teleportation {unknown}
 j - a scroll of noise {unknown}


   Skills:
 * Level 4.8 Fighting
 + Level 3.0 Long Blades
 + Level 4.2 Armour
 + Level 4.2 Shields


You had 3 spell levels left.
You didn't know any spells.
Your spell library was empty.

Dungeon Overview and Level Annotations

Branches:
Dungeon (2/15)

Altars:
Okawaru

Annotations:
D:2 Sigmund


Innate Abilities, Weirdness & Mutations

You have a pair of horns on your head.
You reflexively headbutt those who attack you in melee.
Your muscles are strong. (Str +2)


Message History

You feel a surge of divine interest.
g - an amulet of faith (around neck) Really quaff the potion of mutation?
You feel extremely strange.
You feel more energetic.
You feel stronger. Sigmund hits you but does no damage.
You barely miss Sigmund. Your headbutt misses Sigmund.
Sigmund hits you with a +0 scythe!
You hit Sigmund.
Sigmund is lightly wounded.
You block Sigmund's attack.
You closely miss Sigmund.
Sigmund is lightly wounded.
Sigmund barely misses you. You furiously retaliate!
You headbutt Sigmund!
You riposte.
You hit Sigmund.
Sigmund is heavily wounded.
You hit Sigmund but do no damage. You headbutt Sigmund.
Sigmund is severely wounded.
Sigmund casts a spell.
Sigmund flickers and vanishes!
Deactivating autopickup; reactivate with Ctrl-A.
You barely miss something. Your headbutt misses something. Something hits you!
You miss something. You block something's attack.
You hit something but do no damage. Something hits you but does no damage.
You slash something!
You hear some strange, mumbled words.
You are confused.
Something hits you. Something hits you!
* * * LOW HITPOINT WARNING * * *
You completely miss something. You headbutt something.
You hear some strange, mumbled words.
A puff of flame appears from out of thin air!
The puff of flame hits you!
* * * LOW HITPOINT WARNING * * *
You barely miss something. Your headbutt misses something.
You hear some strange, mumbled words.
A puff of flame appears from out of thin air!
The puff of flame hits you!
You die...

........<....##
#######.......#
#.......#
#.......#
##.....##
###....##
#.....##
#...(.####
#######@._.....#
......{........#
######......(..#
###########


There were no monsters in sight!

Vanquished Creatures
  Crazy Yiuf (D:2)
  2 adders (D:2)
  A dart slug (D:1)
  5 endoplasms
  A giant cockroach (D:1)
  3 goblins (D:1)
  A hobgoblin (D:1)
  6 kobolds
  A quokka (D:2)
  5 ball pythons
  A frilled lizard (D:1)
  4 rats
31 creatures vanquished.

Notes
Turn   | Place    | Note
-------+----------+-------------------------------------------
     0 | D:1      | Destapler the Minotaur Fighter began the quest for the Orb.
     0 | D:1      | Reached XP level 1. HP: 19/19 MP: 0/0
   167 | D:1      | Reached XP level 2. HP: 23/27 MP: 1/1
   607 | D:2      | Reached XP level 3. HP: 33/34 MP: 2/2
   842 | D:2      | Gained mutation: Your magical capacity is low. (-10% MP)
                  | [potion of mutation]
   853 | D:2      | Found a runed translucent door.
   854 | D:2      | Noticed Crazy Yiuf
   861 | D:2      | Killed Crazy Yiuf
  1037 | D:2      | Reached XP level 4. HP: 41/41 MP: 2/2
  1046 | D:2      | Found an iron altar of Okawaru.
  1054 | D:2      | Became a worshipper of Warmaster Okawaru
  1055 | D:2      | Noticed Sigmund
  1062 | D:2      | Lost mutation: Your magical capacity is low. (-10% MP)
                  | [potion of mutation]
  1062 | D:2      | Gained mutation: Your muscles are strong. (Str +2) [potion
                  | of mutation]
  1074 | D:2      | Killed from afar by Sigmund

Illustrated notes

Levels and vault maps discovered:
D:1:      nicolae_arrival_washed_ashore, layout_rooms, serial_curves,
          eino_curves_02, eino_curves_03
D:2:      minmay_door_path, layout_rooms, basic_altar,
          minmay_goblin_kobold_house, uniq_robin, uniq_sigmund,
          uniq_crazy_yiuf_cottage

Skill      XL: |  1  2  3 |
---------------+----------+-----
Fighting       | 4 |  4.8
Armour         | 4 |  4.2
Shields        | 4 |  4.2
Long Blades    | 3 |  3.0

Action                   |  1- 3 |  4- 6 || total
-------------------------+-------+-------++-------
Melee: Long sword        |    62 |    13 ||    75
       Headbutt          |     7 |     2 ||     9
  Use: Potion            |     4 |     1 ||     5
Armor: Scale mail        |    36 |     6 ||    42
Dodge: Dodged            |    25 |     3 ||    28
Block: Kite shield       |    48 |     3 ||    51
       Rpst.: Long sword |     9 |     1 ||    10
